 Dungeon Crawl Stone Soup version 0.20.0-8-g6b59dc7 (webtiles) character file.

665 4thArraOfDagon the Chopper (level 7, -16/61 HPs)
             Began as a Minotaur Monk on June 2, 2017.
             Was a Believer of Okawaru.
             Killed from afar by Ijyb (18 damage)
             ... with a wand of lightning (?/15)
             ... on level 5 of the Dungeon.
             The game lasted 00:08:22 (1167 turns).

4thArraOfDagon the Chopper (Minotaur Monk)          Turns: 1167, Time: 00:08:22

Health: -16/61     AC: 12    Str: 15    XL:     7   Next: 31%
Magic:  5/6        EV:  6    Int:  9    God:    Okawaru [**....]
Gold:   139        SH:  0    Dex: 13    Spells: 6/6 levels left

rFire    . . .     SeeInvis .   l - +2 flail (protect)
rCold    . . .     Gourm    .   (no shield)
rNeg     . . .     Faith    .   k - +0 plate armour
rPois    .         Spirit   .   (helmet restricted)
rElec    .         Reflect  .   (no cloak)
rCorr    .         Harm     .   m - +0 pair of gloves
MR       .....                  (no boots)
Stlth    ..........             (no amulet)
Regen    0.2/turn               (no ring)
MPRegen  0.1/turn               (no ring)

@: no status effects
A: retaliatory headbutt, horns 2
a: Heroism, Renounce Religion


You were on level 5 of the Dungeon.
You worshipped Okawaru.
Okawaru was pleased with you.
You were not hungry.

You visited 1 branch of the dungeon, and saw 7 of its levels.

You collected 139 gold pieces.

Inventory:

Hand Weapons
 a - a +0 hand axe
 h - the +8 dagger of Koashrety {pierce, *Slow rN+++ Dex+5}
   (You found it on level 4 of the Dungeon)

   It inflicts extra damage upon your enemies.
   It affects your dexterity (+5).
   It renders you almost immune to negative energy.
   It may slow you when you take damage.
 l - a +2 flail of protection (weapon)
Armour
 b - a +0 robe
 f - +0 steam dragon scales
 k - a +0 plate armour (worn)
 m - a +0 pair of gloves (worn)
Scrolls
 d - 3 scrolls of teleportation {unknown}
 e - a scroll of remove curse
 g - a scroll of blinking {unknown}
 p - a scroll of magic mapping
Potions
 n - a potion of heal wounds
 q - a potion of curing
Books
 i - a book of Minor Magic

   Spells                             Type                      Level
   a - Magic Dart                     Conjuration                  1
   b - Blink                          Translocation                2
   c - Call Imp                       Summoning                    2
   d - Slow                           Hexes                        2
   e - Conjure Flame                  Conjuration/Fire             3
   f - Mephitic Cloud                 Conjuration/Poison/Air       3
Comestibles
 c - 2 bread rations
 o - a meat ration


   Skills:
 + Level 5.5 Fighting
 * Level 7.1 Axes
 + Level 3.6 Armour
 + Level 5.1 Dodging
 - Level 1.5 Stealth
 + Level 1.1 Invocations


You had 6 spell levels left.
You didn't know any spells.

Dungeon Overview and Level Annotations

Branches:
Dungeon (7/15)
 Temple: D:4-7

Altars:
Gozag
Okawaru
Trog

Shops:
D:4 *

Annotations:
D:5 Duvessa, Ijyb


Innate Abilities, Weirdness & Mutations

You reflexively headbutt those who attack you in melee.
You have a pair of horns on your head.


Message History

Level annotation: Duvessa Ijyb shouts!
You feel like a meek peon again.
Found 26 stones, a murky purple potion and 9 poisoned needles.
There is a stone staircase leading down here.
Unknown command.
Ijyb zaps a wand.
The bolt of lightning hits you!
It is a wand of lightning (?/15).
Unknown command.
Unknown command.
Ijyb zaps a wand.
The bolt of lightning hits you!
* * * LOW HITPOINT WARNING * * *
The bolt of lightning misses you.
There is a stone staircase leading down here.
Unknown command.
Unknown command.
Ijyb zaps a wand.
The bolt of lightning hits you!
* * * LOW HITPOINT WARNING * * *
The bolt of lightning hits you!
You die...

#.......##...
......##########
..............(#
...............#
...............#
...............#
............g..#
.............(.#
.......@.......#
...####'#.......
...#.......
#....#.......
####
#....#.......
#...
######....!..
#... #######
##... #....
#....


You could see Ijyb.

Vanquished Creatures
  Grinder (D:5)
  A sky beast (D:5)
  A centaur (D:5)
  Blork the orc (D:6)
  Dowan (D:5)
  2 crimson imps (D:5)
  A quasit (D:6)
  A worker ant (D:6)
  3 gnolls (D:4)
  An adder zombie (D:6)
  An adder skeleton (D:6)
  2 dart slugs (D:1)
  An orc (D:7)
  A ball python (D:5)
  2 giant cockroaches (D:1)
  3 goblins (D:1)
  2 hobgoblins (D:1)
  2 quokkas (D:6)
  A frilled lizard (D:1)
  A rat (D:2)
29 creatures vanquished.

Notes
Turn   | Place    | Note
-------+----------+-------------------------------------------
     0 | D:1      | 4thArraOfDagon the Minotaur Monk began the quest for the Orb.
     0 | D:1      | Reached XP level 1. HP: 19/19 MP: 0/0
     1 | D:1      | 4thArraOfDagon: just one more
     1 | D:1      | Turgon: Slain by an ogre ... wielding a +0 giant club (23 damage)
     1 | D:1      | Turgon: 23 is a lot
     1 | D:1      | 4thArraOfDagon: to convince myself im bad :)
    53 | D:1      | Reached XP level 2. HP: 13/27 MP: 1/1
    63 | D:1      | Reached skill level 4 in Axes
   199 | D:1      | Turgon: what
   207 | D:2      | Turgon: dragon scales on D:1
   207 | D:2      | 4thArraOfDagon: but steam?
   207 | D:2      | 4thArraOfDagon: thats slightly worse than chain mail
   207 | D:2      | 4thArraOfDagon: no GDR
   208 | D:2      | Turgon: worse than chain?!
   208 | D:2      | 4thArraOfDagon: andd defenses like troll leather
   213 | D:2      | 4thArraOfDagon: why its good for minotaur
   213 | D:2      | Turgon: mhmm
   213 | D:2      | 4thArraOfDagon: because what, I can cast spells with -10000 applitudes on magic? hahaha
   232 | D:3      | Turgon: Octopodes don't care about armour...
   265 | D:4      | Got a transparent dagger
   266 | D:4      | Identified the +8 dagger of Koashrety {pierce, *Slow rN+++ Dex+5} (You found it on level 4 of the Dungeon)
   273 | D:4      | Turgon: Minor Magic
   315 | D:4      | Found Gozag's Platinum Reserve.
   318 | D:4      | Turgon: Removal of rMsl is BAD for octopodes!
   342 | D:4      | Found an opulent altar of Gozag.
   367 | D:4      | Turgon: Imagine my problems in V:1 - V:4!
   451 | D:4      | Reached skill level 1 in Armour
   451 | D:4      | Reached XP level 3. HP: 23/33 MP: 2/2
   612 | D:5      | Entered Level 5 of the Dungeon
   661 | D:5      | Noticed Dowan
   663 | D:5      | Noticed Duvessa
   699 | D:5      | Killed Dowan
   699 | D:5      | Reached skill level 5 in Axes
   699 | D:5      | Reached XP level 4. HP: 36/40 MP: 3/3
   764 | D:5      | Noticed Grinder
   771 | D:5      | Noticed a centaur
   778 | D:5      | Killed a centaur
   778 | D:5      | Reached XP level 5. HP: 45/47 MP: 4/4
   787 | D:5      | Paralysed by Grinder for 2 turns
   790 | D:5      | Noticed a centaur
   796 | D:5      | Paralysed by Grinder for 7 turns
   810 | D:5      | Killed Grinder
   810 | D:5      | Reached skill level 5 in Fighting
   810 | D:5      | Reached skill level 6 in Axes
   810 | D:5      | Reached XP level 6. HP: 49/56 MP: 5/5
   828 | D:5      | Turgon: lol
   858 | D:5      | Turgon: grinder para'd you and blinked away instead of killing you
   933 | D:6      | Found a bloodstained altar of Trog.
   947 | D:6      | Found an iron altar of Okawaru.
   953 | D:6      | Became a worshipper of Warmaster Okawaru
   953 | D:6      | Reached * piety under Okawaru
   953 | D:6      | Reached ** piety under Okawaru
  1050 | D:5      | Noticed a sky beast
  1060 | D:5      | Killed a sky beast
  1060 | D:5      | Reached skill level 5 in Dodging
  1060 | D:5      | Reached XP level 7. HP: 41/61 MP: 3/6
  1152 | D:6      | Noticed Blork the orc
  1161 | D:6      | Killed Blork the orc
  1161 | D:6      | Reached skill level 7 in Axes
  1161 | D:6      | Reached skill level 1 in Invocations
  1164 | D:5      | Noticed Ijyb
  1167 | D:5      | HP: 2/61 [Ijyb/wand of lightning (?/15) (10)]
  1167 | D:5      | Killed from afar by Ijyb

Skill      XL: |  1  2  3  4  5  6  7 |
---------------+----------------------+-----
Axes           | 4 5 6 7 |  7.1
Armour         | 1 2 3 |  3.6
Fighting       | 4 5 |  5.5
Dodging        | 4 5 |  5.1
Invocations    | 1 |  1.1
Stealth        | |  1.5

Action                   |  1- 3 |  4- 6 |  7- 9 || total
-------------------------+-------+-------+-------++-------
Melee: Hand axe          |    24 |       |       ||    24
       Headbutt          |     4 |     9 |     4 ||    17
       Dagger            |     5 |       |       ||     5
       Flail             |    22 |    64 |    23 ||   109
       Punch             |       |     1 |       ||     1
Invok: Heroism           |       |     2 |     2 ||     4
  Use: Scroll            |     5 |     1 |     1 ||     7
       Potion            |       |     2 |       ||     2
 Stab: Sleeping          |     1 |       |       ||     1
  Eat: Chunk             |       |       |     1 ||     1
Armor: Robe              |     4 |       |       ||     4
       Steam dragon scal |     1 |       |       ||     1
       Plate armour      |    17 |    65 |    34 ||   116
Dodge: Dodged            |    21 |    29 |    19 ||    69
